 Dungeon Crawl Stone Soup version 0.18-a0-1748-g7377c14 (webtiles) character file.

843610 Moloch the Shatterer (level 27, -2/222 (223) HPs)
             Began as a Demigod Fighter on Apr 12, 2016.
             Slain by an Executioner (3 damage)
             ... summoned by Gloorx Vloq
             ... in Pandemonium.
             The game lasted 05:49:18 (79605 turns).

Moloch the Shatterer (Demigod Fighter)             Turns: 79605, Time: 05:49:19

HP:   -2/222 (223)  AC: 51    Str: 41    XL:     27
MP:   38/38         EV: 18    Int: 17    God:
Gold: 9962          SH: 22    Dex: 23    Spells: 5 memorised, 4 levels left

rFire  + + +     SeeInvis +     A - +6 sacred scourge (holy)
rCold  + + +     Gourm    .     z - +10 gold dragon armour
rNeg   . . .     Faith    .     F - +0 shield "Lukeumir" {-Cast rPois Str+6 Slay+2}
rPois  +         Spirit   .     k - +2 hat {Int+3}
rElec  +         Dismiss  .     G - +0 cloak {rC+}
rCorr  .         Reflect  .     d - +2 pair of gloves {Str+3}
SustAt +         Harm     .     H - +2 pair of boots {run}
MR     +++..     Rnd*Rage +     U - amulet "Piyneiqe" {rElec MR+ Regen+ Str-4}
Stlth  .......... NoCast   +    N - ring of Uplioba {+Inv rF+ Str+5}
                                x - ring of Enuzxeab {*Drain rF+ SInv Stlth-}

@: lethally poisoned (-2 -> -30), very slightly contaminated, non-regenerating,
diseased, hasted and slowed, quick, extremely resistant to hostile enchantments,
extremely unstealthy
A: claws 1, horns 1, large bone plates 1, slimy green scales 1, yellow scales 1,
agile 1, berserk 3, blink, blurry vision 2, clever 1, cold resistance 1, frail
1, high mp 1, screaming 2, evolution 1, no device heal 1, sustain attributes
a: Blink, Evoke Invisibility
}: 8/15 runes: decaying, slimy, silver, abyssal, demonic, glowing, fiery,
gossamer


You were in Pandemonium.
You were full.

You visited 9 branches of the dungeon, and saw 52 of its levels.
You visited Pandemonium 1 time, and saw 26 of its levels.
You visited the Abyss 1 time.
You also visited: Sewer, Ossuary and Ice Cave.

You collected 11091 gold pieces.
You spent 980 gold pieces at shops.

Inventory:

Hand Weapons
 A - a +6 sacred scourge of holy wrath (weapon)
 I - a +9 demon whip of flaming
 L - a +9 demon whip of freezing
Missiles
 v - 5 throwing nets
 T - 26 javelins (quivered)
Armour
 a - the +2 helmet "Xadepace" {rElec rPois Str+2 Dex+2}
   (You found it in Pandemonium)

   It affects your strength (+2).
   It affects your dexterity (+2).
   It insulates you from electricity.
   It protects you from poison.
 d - a +2 pair of gloves of strength (worn)
 i - a +2 pearl dragon armour
 k - a +2 hat of intelligence (worn)
 z - a +10 gold dragon armour (worn)
 F - the +0 shield "Lukeumir" (worn) {-Cast rPois Str+6 Slay+2}
   (You acquired it on level 4 of the Spider Nest)

   It affects your strength (+6).
   It affects your accuracy and damage with ranged weapons and melee attacks
   (+2).
   It protects you from poison.
   It prevents spellcasting.
 G - a +0 cloak of cold resistance (worn)
 H - a +2 pair of boots of running (worn)
 O - the +0 cloak "Upa Ilor" {rF++ MR+ Int+2}
   (You found it in Pandemonium)

   It affects your intelligence (+2).
   It greatly protects you from fire.
   It affects your resistance to hostile enchantments.
Jewellery
 x - the ring of Enuzxeab (left hand) {*Drain rF+ SInv Stlth-}
   (You found it on level 6 of the Pits of Slime)

   [ring of loudness]

   It protects you from fire.
   It lets you see invisible.
   It causes draining when unequipped.
   It makes you less stealthy.
 N - the ring of Uplioba (right hand) {+Inv rF+ Str+5}
   (You took it off a deep elf annihilator on level 3 of the Elven Halls)

   [ring of strength]

   It affects your strength (+5).
   It protects you from fire.
   It lets you turn invisible.
 U - the amulet "Piyneiqe" (around neck) {rElec MR+ Regen+ Str-4}
   (You found it on level 9 of the Dungeon)

   [amulet of regeneration]

   It affects your strength (-4).
   It insulates you from electricity.
   It affects your resistance to hostile enchantments.
   It increases your rate of regeneration.
 Z - the ring of the Lies {rC+ MP+9 Stlth+}
   (You found it in Pandemonium)

   [ring of protection from cold]

   It protects you from cold.
   It affects your magic capacity (+9).
   It makes you more stealthy.
Wands
 b - a wand of teleportation (4/9)
 J - a wand of hasting (0/9)
 M - a wand of digging (7/24)
 P - a wand of hasting (4/9)
Scrolls
 e - 26 scrolls of remove curse
 g - 2 scrolls of enchant armour
 h - 15 scrolls of magic mapping
 j - 18 scrolls of identify
 o - 5 scrolls of blinking
 s - 10 scrolls of teleportation
 u - a scroll of silence
 y - 7 scrolls of recharging
 D - 3 scrolls of holy word
 Q - 11 scrolls of fear
 R - a scroll of summoning
Potions
 l - 8 potions of heal wounds
 m - 6 potions of cure mutation
 n - 6 potions of agility
 p - 42 potions of curing
 q - 8 potions of flight
 t - 5 potions of berserk rage
 C - a potion of resistance
 V - 4 potions of invisibility
 W - 2 potions of beneficial mutation
 Y - 2 potions of cancellation
Books
 S - a book of Enchantments

   Spells                             Type                      Level
   a - Cause Fear                     Hexes                        4
   b - Yara's Violent Unravelling     Hexes/Transmutation          5
   c - Silence                        Hexes/Air                    5
   d - Deflect Missiles               Charms/Air                   6
   e - Haste                          Charms                       6
   f - Discord                        Hexes                        8
Miscellaneous
 c - an ornate deck of summoning {drawn: 1}
 r - an ornate deck of wonders {Dowsing}
 B - a plain deck of changes {the Alchemist, drawn: 1}
 E - 2 phantom mirrors
 K - an ornate deck of summoning {Foxfire}
Comestibles
 f - 31 bread rations
 w - 24 meat rations


   Skills:
 + Level 20.7 Fighting
 + Level 25.7 Maces & Flails
 * Level 20.6 Armour
 * Level 11.8 Dodging
 + Level 23.4 Shields
 * Level 13.2 Evocations


You had 4 spell levels left.
You knew the following spells:

 Your Spells              Type           Power        Failure   Level  Hunger
a - Regeneration          Chrm/Necr      #.........   100%        3    ####...
b - Song of Slaying       Chrm           #.......     99%         2    ###....
c - Tornado               Air            #.........   100%        9    #######
d - Blink                 Tloc           N/A          99%         2    ###....
e - Deflect Missiles      Chrm/Air       #.........   100%        6    #######


Dungeon Overview and Level Annotations

Branches:
Dungeon (15/15)            Temple (0/1) D:4            Lair (8/8) D:10
  Swamp (4/4) Lair:5       Spider (4/4) Lair:6        Slime (6/6) Lair:6
    Orc (2/2) D:9             Elf (3/3) Orc:2        Vaults (5/5) D:14
  Crypt (0/3) Vaults:2     Depths (5/5) D:15            Zot (0/5) Depths:5

Shops:
D:6 (   D:8 *   D:10 *   Orc:2 =?[?   Elf:2 :   Elf:3 =   Vaults:1 :

Portals:
Hell: Lair:8 Depths:1 Depths:2 Depths:3 Depths:4 Depths:5
Abyss: Depths:3 Depths:4
Pandemonium: Depths:3 Depths:5
Ziggurat: Depths:4
Trove: D:12 (give 7 scrolls of blinking)

Annotations:
Lair:7 exclusion: 2 oklob plants
Swamp:3 exclusion: oklob plant
Pan Gloorx Vloq


Innate Abilities, Weirdness & Mutations

You have an increased reservoir of magic (+10% MP).
Your attributes are resistant to harm.
You have sharp fingernails.
You have a pair of small horns on your head.
You are partially covered in large bone plates (AC +2, SH +2).
You are partially covered in slimy green scales (AC +2).
You are partially covered in yellow scales (AC +2).
You are agile. (Dex +2)
You have an uncontrollable temper.
You can translocate small distances at will.
Scrolls take you longer to read.
Your mind is acute. (Int +2)
Your flesh is cold resistant.
You are frail (-10% HP).
You sometimes yell uncontrollably at your foes.
You evolve.
Potions and wands are less effective at restoring your health.


Message History

You are lethally poisoned!
You feel your flesh rotting away!
* * * LOW HITPOINT WARNING * * *
x2 You feel sick.
You block the Executioner's attack. The Executioner misses you.
The Executioner hits you but does no damage.
The Executioner completely misses you. The Executioner misses you.
You block the Executioner's attack.
Gloorx Vloq hits you but does no damage.
The Executioner misses you.
The Executioner hits you but does no damage.
You block the Executioner's attack. x2
The Executioner hits you but does no damage. x2
Gloorx Vloq gestures at you. The foul vapour engulfs you!
You feel as though you will be slow longer.
* * * LOW HITPOINT WARNING * * *
You block the Executioner's attack.
The Executioner hits you but does no damage.
The Executioner hits you.
You die...

*,*,*,#.#.#,*,#..##
,*,*,*,#.#.#,*#...#
*,*,*,*,#.#.#,##..#
,*,*,*.#.#.#.###..#
,,,,,,.........'..#
,,,,,,.........'..#
,,,,,,.......&.§1.#
,*,*,*.#.#.#.###&1#
*,*,*,*,#.#.#,##@1#
,*,*,*,#.#&#,*#§(§#
*,*,*,#.#.#,*,#.§##
,*,*,*.#.#,*,##..#
*,*,*,*.#,*,*#...#
,*,*,*,*,*,*,#..##
*,*,*,*,*,*,##..#
,*,*,*,*,*,*#...#
*,*,*,*,*,*##..##


You could see Gloorx Vloq, 3 Executioners and a friendly long sword of
Incongruity {slice, rF+ MP+9}.

Vanquished Creatures
  Cerebov (Pan)
  the Royal Jelly (Slime:6)
  Dissolution (Slime:4)
  Ignacio (Pan)
  A seraph (Pan)
  Mnoleg (Pan)
  2 ancient liches
  Mennas (Vaults:5)
  7 pandemonium lords (Pan)
  Frederick (Depths:4)
  Saint Roka (Depths:4)
  The ghost of WereVolvo the Cloud Mage, a veteran DsAE of Vehumet (Depths:2)
  Norris (D:14)
  3 golden dragons
  Nikola (Depths:1)
  A caustic shrike (Depths:2)
  A pearl dragon (Pan)
  2 Tzitzimimeh (Pan)
  Arachne (Spider:1)
  A bone dragon (Abyss:2)
  A hellephant (Abyss:3)
  Jorgrun (Spider:1)
  5 Brimstone Fiends (Pan)
  A lich (Depths:5)
  14 tentacled monstrosities
  Rupert (Lair:4)
  2 Hell Sentinels (Pan)
  3 titans
  Asterion (Vaults:2)
  10 Ice Fiends
  A quicksilver dragon (Depths:4)
  4 deep elf blademasters
  A deep elf master archer (Elf:3)
  4 sphinxes
  16 acid blobs
  Agnes (Elf:2)
  Gastronok (D:9)
  6 tentacled starspawn
  Kirke (Lair:7)
  6 tengu reavers
  19 Executioners (Pan)
  4 shadow dragons
  4 storm dragons
  5 thorn hunters
  13 azure jellies
  Donald (Swamp:4)
  19 daevas (Pan)
  Wiglaf (Vaults:3)
  7 fire giants
  12 vault wardens
  2 orc warlords
  6 warmongers (Pan)
  17 balrugs
  9 deep elf sorcerers
  12 frost giants
  27 angels (Pan)
  A caustic shrike zombie (Depths:2)
  A ghost moth (Spider:4)
  A draconian annihilator (Depths:5)
  The ghost of Ijustatesigmund the Warrior, a journeyman OgHu of Okawaru (Lair:4)
  2 curse skulls (Pan)
  2 spriggan defenders
  6 emperor scorpions (Spider:4)
  21 cacodemons (Pan)
  5 war gargoyles
  7 reapers (Pan)
  3 deep elf elementalists (Elf:3)
  19 ophanim (Pan)
  20 stone giants
  18 ironheart preservers
  34 apis (Pan)
  9 deep elf demonologists
  4 corrupters (Pan)
  12 very ugly things
  6 blood saints (Pan)
  15 lorocyprocas (Pan)
  2 salamander stormcallers
  Azrael (Spider:1)
  6 black suns (Pan)
  A red draconian (Depths:5)
  12 deep elf annihilators
  13 chaos champions (Pan)
  2 purple draconians (Depths:5)
  2 yellow draconians (Depths:5)
  3 mottled draconians
  A dire elephant (Lair:8)
  A white draconian (Depths:5)
  A merfolk javelineer (Depths:1)
  4 spark wasps
  18 blizzard demons
  15 ettins
  6 deep elf death magi
  5 death oozes
  6 crystal guardians
  15 yaktaur captains
  25 vault guards
  11 deep elf high priests
  9 green deaths
  14 fire dragons
  Josephine (Orc:1)
  The ghost of dobroeutro the Blocker, a journeyman GrFi of Okawaru (D:13)
  10 great orbs of eyes
  8 ice dragons
  6 spriggan air magi
  9 monstrous demonspawn (Pan)
  2 ghost crabs (shapeshifter)
  8 rakshasas
  34 large abominations
  5 entropy weavers
  5 hell beasts (Pan)
  A catoblepas (Lair:8)
  2 ghost crabs
  29 hydras
  5 centaur warriors
  14 ogre magi
  31 dancing weapons
  5 death yaks
  Erica (Orc:1)
  2 death knights (Vaults:5)
  9 alligators
  4 deep troll shamans
  A queen ant (Spider:3)
  Urug (D:11)
  4 hell hogs (Pan)
  7 tengu warriors
  6 deep troll earth magi
  A titan zombie (Depths:2)
  24 deep elf knights
  34 soul eaters (Pan)
  7 orc high priests
  16 hell knights
  6 spriggan berserkers
  8 small abominations
  2 thrashing horrors (Abyss:3)
  2 iron trolls
  33 sun demons
  5 fire crabs
  A titan skeleton (Pan)
  8 skeletal warriors
  2 wretched stars
  A fire crab (shapeshifter) (Vaults:4)
  A storm dragon skeleton (Abyss:1)
  5 wizards
  7 shadow wraiths
  7 gelid demonspawn (Pan)
  5 salamander mystics
  An unseen horror (shapeshifter) (Depths:2)
  7 infernal demonspawn (Pan)
  2 spriggan druids (Swamp:2)
  3 giant orange brains
  5 shadow demons
  29 deep trolls
  A flayed ghost (Vaults:3)
  12 torturous demonspawn (Pan)
  6 unseen horrors
  22 deep elf archers
  6 swamp dragons
  An obsidian statue (D:11)
  18 cherubim (Pan)
  3 phantasmal warriors
  A lindwurm (shapeshifter) (Depths:4)
  10 putrid demonspawn (Pan)
  An anubis guard (shapeshifter) (Depths:4)
  2 shambling mangroves (Swamp:3)
  12 hill giants
  12 ironbrand convokers
  10 harpies
  Pikel (D:4)
  3 lindwurms
  7 necromancers
  44 ugly things
  13 orb spiders
  30 wolf spiders
  12 orc sorcerers
  A wolf spider (shapeshifter) (Depths:4)
  31 orc knights
  73 deep elf magi
  5 cyclopes
  An oklob plant (Swamp:3)
  6 shining eyes
  6 griffons
  9 salamanders
  2 salamanders (shapeshifter)
  A hornet (shapeshifter) (Vaults:2)
  3 shadow dragon skeletons (Pan)
  33 sixfirhies
  A stone giant zombie (Abyss:1)
  9 hornets
  3 centaur zombies
  2 stone giant skeletons (Vaults:2)
  2 moths of wrath
  A manticore (D:15)
  3 black mambas
  5 naga magi (Depths:4)
  16 elephants
  The ghost of ReniFell the Covered, a novice MiFi of Okawaru (D:6)
  2 frost giant skeletons (Pan)
  Joseph (D:9)
  An apocalypse crab (Abyss:1)
  14 vault sentinels
  4 eyes of devastation (Pan)
  2 torpor snails
  An eye of devastation (shapeshifter) (Depths:4)
  Maurice (D:9)
  26 spiny frogs
  4 rust devils
  2 dire elephant skeletons (Pan)
  A black mamba (shapeshifter) (Depths:2)
  24 smoke demons
  A guardian serpent (shapeshifter) (Vaults:3)
  2 centaur skeletons
  A molten gargoyle (Swamp:4)
  An ice statue (IceCv)
  2 spiny frogs (shapeshifter)
  24 orange demons
  37 yaktaurs
  10 hellions (Pan)
  6 rime drakes
  7 komodo dragons
  7 tormentors (Pan)
  8 freezing wraiths
  18 demonic crawlers
  2 rime drakes (shapeshifter)
  6 efreet
  5 anaconda simulacra
  8 hellwings
  2 golden dragon simulacra (IceCv)
  3 ancient zymes
  10 tengu conjurers
  8 ice devils
  A jumping spider (shapeshifter) (Vaults:4)
  A polar bear (Lair:6)
  3 trolls
  6 giant leeches
  30 red devils
  25 two-headed ogres
  A wolf spider simulacrum (IceCv)
  Prince Ribbit (D:9)
  32 jumping spiders
  5 bog bodies
  31 blink frogs
  117 slime creatures
  7 raiju
  8 boulder beetles
  A blink frog (shapeshifter) (Vaults:1)
  6 flying skulls (Abyss:1)
  A spriggan (shapeshifter) (Depths:1)
  11 spriggans
  19 ynoxinuls
  4 air elementals
  85 redbacks
  2 shadows
  A vampire (D:14)
  15 humans
  A spriggan skeleton (Depths:2)
  9 wraiths
  2 tarantellas (shapeshifter)
  2 dire elephant simulacra (IceCv)
  Sigmund (D:5)
  16 water elementals
  2 ettin skeletons (Vaults:2)
  3 wyverns
  35 tarantellas
  A fire bat (Abyss:1)
  66 yaks
  2 hungry ghosts
  6 basilisks
  10 golden eyes
  3 hogs (Lair:7)
  6 fire elementals
  64 vampire mosquitoes
  12 hippogriffs
  A hog (shapeshifter) (Vaults:4)
  18 neqoxecs
  Menkaure (D:5)
  12 chaos spawn
  20 insubstantial wisps
  A steam dragon (Swamp:4)
  2 harpy simulacra (IceCv)
  6 mottled dragons
  18 swamp worms
  2 wargs (Vaults:3)
  A soldier ant (Spider:3)
  A hell hound (shapeshifter) (Vaults:2)
  2 hell hounds (Lair:8)
  12 water moccasins
  Edmund (D:5)
  2 giant eyeballs (Pan)
  An iron troll simulacrum (IceCv)
  10 porcupines
  16 swamp drakes
  6 hydra simulacra
  14 ice beasts
  2 necrophages
  6 sky beasts
  An ice beast (shapeshifter) (Vaults:4)
  A black bear (D:9)
  2 phantoms
  50 orc warriors
  An alligator simulacrum (IceCv)
  4 eyes of draining
  16 wasps
  5 centaurs
  22 boggarts
  11 wolves
  17 crocodiles
  2 elf skeletons (Vaults:2)
  A snapping turtle skeleton (Pan)
  54 ogres
  6 big kobolds
  24 giant frogs
  2 gnoll sergeants (D:9)
  11 human skeletons (Vaults:2)
  An ogre simulacrum (Vaults:1)
  5 water moccasin zombies
  A wyvern skeleton (D:12)
  3 scorpions
  A scorpion (shapeshifter) (Depths:4)
  2 elephant simulacra (IceCv)
  14 killer bees
  5 howler monkeys
  7 electric eels
  22 jellies
  4 crimson imps
  3 draconian simulacra (IceCv)
  2 giant frog zombies
  20 starcursed masses
  3 hounds
  A gnoll shaman (D:4)
  2 giant frog skeletons
  21 orc priests
  2 iron imps
  23 orc wizards
  7 iguanas
  15 worker ants
  2 spriggan simulacra
  2 troll simulacra (IceCv)
  10 hell rats (Lair:2)
  6 lightning spires (Abyss:3)
  2 wolf simulacra (IceCv)
  A killer bee zombie (D:4)
  16 sheep
  3 big kobold zombies (Ossuary)
  4 centaur simulacra (IceCv)
  A hound zombie (D:8)
  2 mummies (Ossuary)
  A worker ant zombie (D:11)
  9 gnolls
  72 river rats
  21 adders
  5 naga simulacra (IceCv)
  11 shadow imps
  9 white imps
  6 ufetubi
  An ooze (D:3)
  An adder skeleton (D:7)
  4 adder zombies
  2 worms (D:2)
  A dart slug (D:1)
  5 giant geckos
  106 orcs
  8 bats
  3 giant cockroaches
  3 gnoll zombies (Ossuary)
  6 goblins
  7 hobgoblins
  18 jackals
  7 quokkas
  6 ball pythons
  A giant gecko skeleton (D:4)
  10 giant newts
  4 hobgoblin zombies (Ossuary)
  24 kobolds
  A kobold skeleton (Pan)
  A kobold zombie (Ossuary)
  4 orc zombies (Ossuary)
  A quokka skeleton (D:10)
  A quokka zombie (D:6)
  35 rats
  A fire vortex (Pan)
  2 fungi
  3 plants
  6 starspawn tentacles
3411 creatures vanquished.

Vanquished Creatures (others)
  An eldritch tentacle (Pan)
  A blood saint (Pan)
  A rakshasa (Depths:1)
  A deep elf knight (Elf:3)
  A giant orange brain (Depths:1)
  A swamp dragon (Swamp:4)
  An orb spider (Spider:2)
  A jumping spider (Spider:3)
  A redback (Spider:3)
  2 spriggans (Swamp:4)
  A steam dragon (Swamp:4)
  A naga (Vaults:5)
  A porcupine (Lair:7)
  3 swamp drakes (Swamp:4)
  A hound (D:5)
  An orc priest (Vaults:2)
  2 orc wizards
  A lightning spire (D:2)
  A gnoll (D:4)
  A white imp (IceCv)
  2 ufetubi (IceCv)
  An orc (D:5)
  A giant newt (D:5)
  3 briar patches (Swamp:3)
  2 bushes (D:2)
  111 eldritch tentacle segments (Pan)
  26 fungi
  13 plants
  10 starspawn tentacles
  42 starspawn tentacle segments (Abyss:2)
235 creatures vanquished.

Grand Total: 3646 creatures vanquished

Notes
Turn   | Place    | Note
--------------------------------------------------------------
     0 | D:1      | Moloch the Demigod Fighter began the quest for the Orb.
     0 | D:1      | Reached XP level 1. HP: 18/18 MP: 3/3
   124 | D:1      | Reached skill level 2 in Maces & Flails
   294 | D:1      | Reached XP level 2. HP: 22/25 MP: 4/4
   668 | D:1      | Reached skill level 3 in Maces & Flails
  1185 | D:1      | Reached XP level 3. HP: 30/30 MP: 5/5
  1239 | D:2      | Found a snail-covered altar of Cheibriados.
  1423 | D:2      | Reached skill level 4 in Maces & Flails
  1442 | D:2      | Reached XP level 4. HP: 28/37 MP: 6/6
  1498 | D:2      | Found a deep blue altar of Sif Muna.
  1938 | D:2      | Found an oddly glowing altar of Pakellas.
  1939 | D:2      | Noticed a cyan very ugly thing
  2058 | D:3      | Found a glowing drain.
  2086 | D:3      | Reached skill level 5 in Maces & Flails
  2087 | D:3      | Reached XP level 5. HP: 42/42 MP: 7/7
  2095 | Sewer    | Entered a sewer
  2525 | Sewer    | Reached skill level 6 in Maces & Flails
  2545 | Sewer    | Reached XP level 6. HP: 42/50 MP: 8/8
  3563 | D:4      | Found a staircase to the Ecumenical Temple.
  3626 | D:4      | Got a heavily runed ring mail
  3637 | D:4      | Identified the +1 ring mail of Xedgh {Str+3} (You found it on level 4 of the Dungeon)
  3658 | D:4      | Reached skill level 7 in Maces & Flails
  3748 | D:4      | Noticed Pikel
  3770 | D:4      | Killed Pikel
  3770 | D:4      | Reached skill level 8 in Maces & Flails
  3770 | D:4      | Reached XP level 7. HP: 30/56 MP: 9/9
  4111 | D:4      | Reached skill level 9 in Maces & Flails
  4201 | D:4      | Found a sacrificial altar of Ru.
  4462 | D:4      | Reached XP level 8. HP: 49/62 MP: 10/10
  4709 | D:4      | Found a glowing silver altar of Zin.
  4714 | D:4      | Found a burning altar of Makhleb.
  4843 | D:5      | Entered Level 5 of the Dungeon
  4860 | D:5      | Found a sand-covered staircase.
  4869 | Ossuary  | Entered an ossuary
  5104 | Ossuary  | Reached skill level 10 in Maces & Flails
  5325 | D:5      | Noticed Edmund
  5352 | D:5      | Killed Edmund
  5571 | D:5      | Found a glowing golden altar of the Shining One.
  5659 | D:5      | Noticed Menkaure
  5661 | D:5      | Noticed Sigmund
  5668 | D:5      | Killed Sigmund
  5668 | D:5      | Reached skill level 11 in Maces & Flails
  5669 | D:5      | Killed Menkaure
  5886 | D:5      | Reached XP level 9. HP: 68/68 MP: 11/11
  6047 | D:6      | Noticed ReniFell's ghost (novice MiFi)
  6399 | D:6      | Found Neosh's Antique Weapon Emporium.
  6408 | D:6      | Bought a twisted morningstar for 189 gold pieces
  6408 | D:6      | Identified the +4 morningstar "Gurran" {elec, rC+ Str+4 Int+2} (You bought it in a shop on level 6 of the Dungeon)
  6576 | D:6      | Killed ReniFell's ghost
  6758 | D:6      | Found a shattered altar of Ashenzari.
  6759 | D:6      | Found a bloodstained altar of Trog.
  6759 | D:6      | Found an ancient bone altar of Kikubaaqudgha.
  6772 | D:6      | Found a basalt altar of Yredelemnul.
  7153 | D:6      | Reached skill level 12 in Maces & Flails
  7567 | D:7      | Found an opulent altar of Gozag.
  7707 | D:7      | Noticed a cyclops
  7718 | D:7      | Killed a cyclops
  7718 | D:7      | Reached XP level 10. HP: 58/80 MP: 13/13
  8390 | D:8      | Found a blossoming altar of Fedhas.
  8534 | D:8      | Reached skill level 5 in Shields
  8663 | D:8      | Found Hiunuh's General Store.
  8668 | D:8      | Bought a scroll of blinking for 112 gold pieces
  8963 | D:9      | Reached skill level 5 in Fighting
  9071 | D:9      | Got a crude brass amulet
  9073 | D:9      | Identified the amulet "Piyneiqe" {rElec MR+ Regen+ Str-4} (You found it on level 9 of the Dungeon)
  9102 | D:9      | Reached skill level 5 in Armour
  9164 | D:9      | Learned a level 3 spell: Regeneration
  9167 | D:9      | Learned a level 2 spell: Song of Slaying
  9184 | D:9      | Noticed Maurice
  9218 | D:9      | Killed Maurice
  9228 | D:9      | Gained mutation: Armour fits poorly on your strangely shaped body. [mutagenic meat]
  9230 | D:9      | Gained mutation: You are dopey. (Int -2) [mutagenic meat]
  9231 | D:9      | Gained mutation: Your natural rate of healing is unusually fast. [mutagenic meat]
  9367 | D:9      | Noticed Prince Ribbit
  9374 | D:9      | Killed Prince Ribbit
  9422 | D:9      | Found a staircase to the Orcish Mines.
  9576 | D:9      | Noticed Gastronok
  9588 | D:9      | Killed Gastronok
  9588 | D:9      | Reached skill level 13 in Maces & Flails
  9588 | D:9      | Reached XP level 11. HP: 41/89 MP: 14/14
  9717 | D:9      | Noticed Joseph
  9743 | D:9      | Killed Joseph
  9940 | Orc:1    | Entered Level 1 of the Orcish Mines
  9988 | D:10     | Entered Level 10 of the Dungeon
 10158 | D:10     | Found Sampidul's General Store.
 10165 | D:10     | Bought a scroll of enchant armour for 105 gold pieces
 10195 | D:10     | Noticed a hill giant
 10238 | D:10     | Killed a hill giant
 10316 | D:10     | Found a staircase to the Lair.
 10316 | D:10     | Noticed a hill giant
 10396 | D:10     | Killed a hill giant
 10534 | D:10     | Found a blossoming altar of Fedhas.
 10660 | D:10     | Killed an unseen horror
 10797 | Lair:1   | Entered Level 1 of the Lair of Beasts
 11043 | Lair:1   | Got a slimy copper amulet
 11044 | Lair:1   | Identified the amulet "Koeh" {Gourm rC+ Dex+5} (You found it on level 1 of the Lair of Beasts)
 11223 | Lair:1   | Noticed a six-headed hydra
 11231 | Lair:1   | Killed a six-headed hydra
 11948 | Lair:2   | Reached XP level 12. HP: 93/100 MP: 15/15
 12276 | Lair:2   | Noticed a seven-headed hydra
 12381 | Lair:2   | Killed a seven-headed hydra
 12381 | Lair:2   | Reached skill level 14 in Maces & Flails
 13431 | Lair:4   | Noticed Rupert
 13477 | Lair:4   | Killed Rupert
 13705 | Lair:4   | Noticed Ijustatesigmund's ghost (journeyman OgHu)
 13741 | Lair:4   | Killed Ijustatesigmund's ghost
 14364 | Lair:4   | Reached skill level 15 in Maces & Flails
 14828 | Lair:5   | Reached XP level 13. HP: 98/108 MP: 16/16
 15755 | Lair:5   | Found a staircase to the Swamp.
 16342 | Lair:6   | Found a viscous altar of Jiyva.
 16343 | Lair:6   | Found a staircase to the Slime Pits.
 16991 | Lair:6   | Found a hole to the Spider Nest.
 17077 | Lair:7   | Reached skill level 16 in Maces & Flails
 17267 | Lair:7   | Noticed Kirke
 17380 | Lair:7   | Killed Kirke
 17685 | Lair:7   | Identified a scroll of acquirement
 17814 | Lair:7   | Reached XP level 14. HP: 55/118 MP: 17/17
 18527 | Lair:8   | Entered Level 8 of the Lair of Beasts
 18631 | Lair:8   | Reached skill level 17 in Maces & Flails
 18641 | Lair:8   | Reached skill level 10 in Shields
 18673 | Lair:8   | Reached skill level 10 in Fighting
 18965 | Lair:8   | Reached skill level 10 in Armour
 19153 | Lair:8   | Lost mutation: Armour fits poorly on your strangely shaped body. [potion of mutation]
 19153 | Lair:8   | Gained mutation: Scrolls take you a little longer to read. [potion of mutation]
 19153 | Lair:8   | Gained mutation: You have a considerably increased reservoir of magic (+20% MP). [potion of mutation]
 19154 | Lair:8   | Lost mutation: Your natural rate of healing is unusually fast. [potion of mutation]
 19154 | Lair:8   | Gained mutation: Your spells are a little easier to cast, but a little less powerful. [potion of mutation]
 19154 | Lair:8   | Gained mutation: Your system is resistant to poisons. [potion of mutation]
 19435 | Lair:8   | Found a burning altar of Makhleb.
 19643 | Lair:8   | Found a gateway to Hell.
 20073 | Orc:1    | Noticed Josephine
 20084 | Orc:1    | Killed Josephine
 20186 | Orc:1    | Noticed Erica
 20196 | Orc:1    | Killed Erica
 20254 | Orc:2    | Entered Level 2 of the Orcish Mines
 20254 | Orc:2    | Found a staircase to the Elven Halls.
 21567 | Orc:2    | Found Ekisk's Jewellery Boutique.
 21589 | Orc:2    | Reached XP level 15. HP: 114/128 MP: 20/20
 21597 | Orc:2    | Found Socaahud's Magic Scroll Emporium.
 21620 | Orc:2    | Found Uforoen's Armour Emporium.
 21622 | Orc:2    | Found Poipnunk's Magic Scroll Boutique.
 21630 | Orc:2    | Bought a scroll of enchant weapon for 127 gold pieces
 21630 | Orc:2    | Bought a scroll of enchant weapon for 127 gold pieces
 21630 | Orc:2    | Bought a scroll of enchant armour for 127 gold pieces
 21636 | Orc:2    | Bought a scroll of teleportation for 51 gold pieces
 21636 | Orc:2    | Bought a scroll of teleportation for 51 gold pieces
 21647 | Orc:2    | Bought a scroll of teleportation for 42 gold pieces
 21647 | Orc:2    | Bought a scroll of fear for 49 gold pieces
 22298 | D:11     | Noticed Urug
 22322 | D:11     | Killed Urug
 23003 | D:12     | Found a portal to a secret trove of treasure.
 23153 | D:12     | Gained mutation: Your natural rate of healing is unusually fast. [mutagenic meat]
 23154 | D:12     | Lost mutation: Scrolls take you a little longer to read. [mutagenic meat]
 23885 | D:13     | Noticed dobroeutro's ghost (journeyman GrFi)
 23901 | D:13     | Killed dobroeutro's ghost
 24222 | D:13     | Found a basalt altar of Yredelemnul.
 24589 | D:14     | Found a gate to the Vaults.
 24589 | D:14     | Noticed Norris
 25153 | D:14     | Gained mutation: You evolve. [mutagenic meat]
 25154 | D:14     | Gained mutation: You are agile. (Dex +2) [mutagenic meat]
 25155 | D:14     | Lost mutation: You have a considerably increased reservoir of magic (+20% MP). [mutagenic meat]
 25156 | D:14     | Lost mutation: Your natural rate of healing is unusually fast. [mutagenic meat]
 25157 | D:14     | Gained mutation: You rapidly evolve. [mutagenic meat]
 25158 | D:14     | Gained mutation: Scrolls take you a little longer to read. [mutagenic meat]
 25517 | D:14     | Killed Norris
 25891 | D:15     | Entered Level 15 of the Dungeon
 26189 | D:15     | Reached skill level 18 in Maces & Flails
 26202 | D:15     | Gained mutation: You are very dopey. (Int -4) [mutagenic meat]
 26203 | D:15     | Gained mutation: You are surrounded by a mild repulsion field (EV +2). [mutagenic meat]
 26205 | D:15     | Lost mutation: You are agile. (Dex +2) [mutagenic meat]
 26615 | D:15     | Found a staircase to the Depths.
 26632 | Depths:1 | Entered Level 1 of the Depths
 26634 | Depths:1 | Noticed a fire giant
 26663 | Depths:1 | Killed a fire giant
 26820 | D:10     | Lost mutation: Your spells are a little easier to cast, but a little less powerful. [mutagenic meat]
 26822 | D:10     | Lost mutation: Your system is resistant to poisons. [mutagenic meat]
 26823 | D:10     | Gained mutation: You are weak. (Str -2) [mutagenic meat]
 26962 | Swamp:1  | Entered Level 1 of the Swamp
 27446 | Swamp:1  | Reached XP level 16. HP: 139/139 MP: 19/19
 28622 | Swamp:3  | Found a frozen archway.
 28629 | Swamp:3  | Gained mutation: You are partially covered in large bone plates (AC +2, SH +2). [evolution]
 28876 | IceCv    | Entered an ice cave
 29467 | IceCv    | Noticed an Ice Fiend
 29496 | IceCv    | Killed an Ice Fiend
 31118 | Swamp:3  | Gained mutation: You are resistant to hostile enchantments. [evolution]
 31215 | Swamp:3  | Learned a level 9 spell: Tornado
 31469 | Swamp:4  | Entered Level 4 of the Swamp
 31484 | Swamp:4  | Noticed Donald
 31504 | Swamp:4  | Killed Donald
 31948 | Swamp:4  | Reached XP level 17. HP: 91/150 MP: 20/20
 32862 | Swamp:4  | Got a decaying rune of Zot
 33245 | Vaults:1 | Entered Level 1 of the Vaults
 33275 | Vaults:1 | Got a pair of crude boots
 33286 | Vaults:1 | Identified the +2 pair of boots "Jeynapalim" {Int+6 Dex+3} (You acquired it on level 1 of the Vaults)
 33352 | Vaults:1 | Found Otwydd's Book Emporium.
 33644 | Vaults:1 | Gained mutation: You are covered in fur (AC +1). [mutagenic meat]
 33645 | Vaults:1 | Lost mutation: Scrolls take you a little longer to read. [mutagenic meat]
 33822 | Vaults:1 | Gained mutation: You have large cloven feet. [mutagenic meat]
 33823 | Vaults:1 | Lost mutation: You rapidly evolve. [mutagenic meat]
 34248 | Vaults:1 | Gained mutation: You are partially covered in slimy green scales (AC +2). [mutagenic meat]
 34249 | Vaults:1 | Lost mutation: You evolve. [mutagenic meat]
 34251 | Vaults:1 | Gained mutation: You have a pair of small antennae on your head. [mutagenic meat]
 34437 | Vaults:1 | Reached skill level 15 in Shields
 34756 | Vaults:2 | Noticed Asterion
 34780 | Vaults:2 | Killed Asterion
 34986 | Vaults:2 | Gained mutation: You expend magic power (3 MP) to strengthen your wands. [mutagenic meat]
 35736 | Vaults:2 | Found a staircase to the Crypt.
 35993 | Vaults:2 | Reached XP level 18. HP: 77/161 MP: 21/21
 36776 | Vaults:3 | Lost mutation: You are weak. (Str -2) [mutagenic meat]
 36777 | Vaults:3 | Lost mutation: You expend magic power (3 MP) to strengthen your wands. [mutagenic meat]
 36781 | Vaults:3 | Lost mutation: You are very dopey. (Int -4) [mutagenic meat]
 37133 | Vaults:3 | Gained mutation: Potions and wands are less effective at restoring your health. [mutagenic meat]
 37134 | Vaults:3 | Gained mutation: You occasionally shout uncontrollably at your foes. [mutagenic meat]
 37543 | Vaults:3 | Lost mutation: You are covered in fur (AC +1). [mutagenic meat]
 37544 | Vaults:3 | Lost mutation: You occasionally shout uncontrollably at your foes. [mutagenic meat]
 37545 | Vaults:3 | Gained mutation: You expend magic power (3 MP) to strengthen your wands. [mutagenic meat]
 37546 | Vaults:3 | Lost mutation: You are surrounded by a mild repulsion field (EV +2). [mutagenic meat]
 37549 | Vaults:3 | Gained mutation: Your skin changes colour to match your surroundings (Stealth). [mutagenic meat]
 37553 | Vaults:3 | Gained mutation: You are agile. (Dex +2) [mutagenic meat]
 37554 | Vaults:3 | Lost mutation: Your skin changes colour to match your surroundings (Stealth). [mutagenic meat]
 37555 | Vaults:3 | Gained mutation: Scrolls take you a little longer to read. [mutagenic meat]
 37582 | Vaults:3 | Reached skill level 15 in Fighting
 37860 | Vaults:3 | Noticed Wiglaf
 37953 | Vaults:3 | Killed Wiglaf
 38146 | Vaults:3 | Lost mutation: You are resistant to hostile enchantments. [mutagenic meat]
 38147 | Vaults:3 | Lost mutation: Potions and wands are less effective at restoring your health. [mutagenic meat]
 38722 | Vaults:4 | Lost mutation: You have a pair of small antennae on your head. [mutagenic meat]
 38723 | Vaults:4 | Gained mutation: You are weak. (Str -2) [mutagenic meat]
 38871 | Vaults:4 | Gained mutation: You occasionally shout uncontrollably at your foes. [mutagenic meat]
 38872 | Vaults:4 | Gained mutation: Your system is resistant to poisons. [mutagenic meat]
 39013 | Vaults:4 | Gained mutation: You tend to lose your temper in combat. [mutagenic meat]
 39014 | Vaults:4 | Lost mutation: You tend to lose your temper in combat. [mutagenic meat]
 39332 | Vaults:4 | Gained mutation: You tend to lose your temper in combat. [mutagenic meat]
 39513 | Vaults:4 | Gained mutation: You evolve. [mutagenic meat]
 39517 | Vaults:4 | Lost mutation: You are agile. (Dex +2) [mutagenic meat]
 39519 | Vaults:4 | Gained mutation: Armour fits poorly on your strangely shaped body. [mutagenic meat]
 39521 | Vaults:4 | Lost mutation: Armour fits poorly on your strangely shaped body. [potion of cure mutation]
 39521 | Vaults:4 | Lost mutation: Your system is resistant to poisons. [potion of cure mutation]
 39521 | Vaults:4 | Lost mutation: You are dopey. (Int -2) [potion of cure mutation]
 40108 | Vaults:4 | Reached XP level 19. HP: 166/171 MP: 22/22
 40223 | Vaults:5 | Entered Level 5 of the Vaults
 40363 | Vaults:5 | Noticed an ancient lich
 40370 | Vaults:4 | Reached skill level 19 in Maces & Flails
 40576 | Vaults:4 | Killed an ancient lich
 40783 | Vaults:4 | Gained mutation: You are agile. (Dex +2) [mutagenic meat]
 40784 | Vaults:4 | Lost mutation: You have large cloven feet. [mutagenic meat]
 40785 | Vaults:4 | Lost mutation: You expend magic power (3 MP) to strengthen your wands. [mutagenic meat]
 40786 | Vaults:4 | Lost mutation: Scrolls take you a little longer to read. [mutagenic meat]
 41222 | Vaults:5 | Hired Ofoit the naga for 149 gold.
 41223 | Vaults:5 | Your ally Ofoit died
 41804 | Vaults:5 | Reached skill level 15 in Armour
 41886 | Vaults:5 | Noticed a Brimstone Fiend
 41931 | Vaults:5 | Gained mutation: You are dopey. (Int -2) [a cacodemon]
 41955 | Vaults:5 | Got a slimy brass ring
 42105 | Vaults:5 | Noticed Mennas
 42160 | Vaults:5 | Killed Mennas
 42166 | Vaults:5 | Upgraded the game from 0.18-a0-1747-g18c4181 to 0.18-a0-1748-g7377c14
 42200 | Vaults:5 | Identified the ring "Neextebaen" {Ice +Inv rElec rPois Dex-3} (You took it off a deep elf demonologist on level 5 of the Vaults)
 42205 | Vaults:5 | Noticed an ancient lich
 42230 | Vaults:5 | Killed an ancient lich
 42384 | Vaults:5 | Reached XP level 20. HP: 181/181 MP: 24/24
 42713 | Vaults:5 | Lost mutation: You are agile. (Dex +2) [mutagenic meat]
 42715 | Vaults:5 | Lost mutation: You are weak. (Str -2) [mutagenic meat]
 42850 | Vaults:5 | Gained mutation: You have supernaturally acute eyesight. [mutagenic meat]
 42851 | Vaults:5 | Gained mutation: Your spells are a little harder to cast, but a little more powerful. [mutagenic meat]
 43177 | Vaults:5 | Identified Sif Muna's Papyrus of Gliding Malediction
 43674 | Vaults:5 | Noticed a golden dragon
 43697 | Vaults:5 | Killed a golden dragon
 43811 | Vaults:5 | Reached skill level 20 in Maces & Flails
 44113 | Vaults:5 | Got a silver rune of Zot
 44124 | Vaults:5 | Identified the Catalogue of the Voyage and Stones (You found it on level 5 of the Vaults)
 44534 | Elf:1    | Entered Level 1 of the Elven Halls
 45425 | Elf:1    | Got an ancient ring mail
 45436 | Elf:1    | Identified the +0 ring mail "Geopa" {Regen+ Dex-2 Slay+3} (You found it on level 1 of the Elven Halls)
 45703 | Elf:2    | Lost mutation: You have supernaturally acute eyesight. [a neqoxec]
 45758 | Elf:2    | Found Viynt's Book Shop.
 45885 | Elf:2    | Found a huge runed gate.
 45885 | Elf:2    | Found a huge runed gate.
 45885 | Elf:2    | Found a huge runed gate.
 45889 | Elf:2    | Found a huge runed gate.
 45889 | Elf:2    | Found a huge runed gate.
 45919 | Elf:2    | Gained mutation: You are frail (-10% HP). [mutagenic meat]
 45920 | Elf:2    | Gained mutation: You are very frail (-20% HP). [mutagenic meat]
 45922 | Elf:2    | Lost mutation: You are dopey. (Int -2) [mutagenic meat]
 45923 | Elf:2    | Lost mutation: Your spells are a little harder to cast, but a little more powerful. [potion of cure mutation]
 45923 | Elf:2    | Lost mutation: You occasionally shout uncontrollably at your foes. [potion of cure mutation]
 45923 | Elf:2    | Lost mutation: You are partially covered in slimy green scales (AC +2). [potion of cure mutation]
 45923 | Elf:2    | Lost mutation: You are very frail (-20% HP). [potion of cure mutation]
 45923 | Elf:2    | Lost mutation: You are frail (-10% HP). [potion of cure mutation]
 46137 | Elf:2    | Noticed Agnes
 46150 | Elf:2    | Killed Agnes
 46398 | Elf:2    | Gained mutation: You are agile. (Dex +2) [evolution]
 47297 | Elf:3    | Entered Level 3 of the Elven Halls
 47355 | Elf:3    | Reached XP level 21. HP: 148/190 MP: 25/25
 47853 | Elf:3    | Found Osune's Jewellery Boutique.
 49721 | Elf:3    | Reached skill level 21 in Maces & Flails
 49910 | Elf:3    | Got a slimy brass ring
 50748 | Elf:3    | Identified the ring of Uplioba {+Inv rF+ Str+5} (You took it off a deep elf annihilator on level 3 of the Elven Halls)
 51973 | Depths:1 | Found a sparkling altar of Nemelex Xobeh.
 51988 | Depths:1 | Noticed Nikola
 52023 | Depths:1 | Killed Nikola
 52573 | Depths:1 | Gained mutation: You are partially covered in yellow scales (AC +2). [evolution]
 52889 | Depths:1 | You fall through a shaft!
 52889 | Depths:2 | Noticed WereVolvo's ghost (veteran DsAE)
 52922 | Depths:2 | Killed WereVolvo's ghost
 52922 | Depths:2 | Reached XP level 22. HP: 177/200 MP: 26/26
 53044 | Depths:2 | Gained mutation: Your mind is acute. (Int +2) [mutagenic meat]
 53045 | Depths:2 | Gained mutation: Your flesh is cold resistant. [mutagenic meat]
 53046 | Depths:2 | Gained mutation: You have a pair of small horns on your head. [mutagenic meat]
 53047 | Depths:2 | Gained mutation: You have sharp fingernails. [mutagenic meat]
 53796 | Depths:2 | Noticed a caustic shrike
 53917 | Depths:2 | Killed a caustic shrike
 54779 | Depths:2 | Gained mutation: You can translocate small distances at will. [mutagenic meat]
 54780 | Depths:2 | Lost mutation: Your mind is acute. (Int +2) [mutagenic meat]
 54782 | Depths:2 | Gained mutation: Scrolls take you a little longer to read. [mutagenic meat]
 54904 | Depths:3 | Lost mutation: Scrolls take you a little longer to read. [mutagenic meat]
 54912 | Depths:3 | Found a one-way gate leading to the halls of Pandemonium.
 55404 | Depths:3 | Identified the Compendium of Confrontation and Displacement
 55693 | Depths:3 | Found a one-way gate to the infinite horrors of the Abyss.
 55820 | Depths:4 | Gained mutation: You are partially covered in slimy green scales (AC +2). [potion of mutation]
 55820 | Depths:4 | Gained mutation: Scrolls take you a little longer to read. [potion of mutation]
 55848 | Depths:4 | Reached skill level 22 in Maces & Flails
 55856 | Depths:4 | Noticed Frederick
 55870 | Depths:4 | Killed Frederick
 56065 | Depths:4 | Reached skill level 1 in Evocations
 56195 | Depths:4 | Noticed Saint Roka
 56224 | Depths:4 | Killed Saint Roka
 56504 | Depths:4 | Got a jewelled helmet
 56584 | Depths:4 | Found a gateway to a ziggurat.
 56806 | Depths:4 | Reached XP level 23. HP: 159/210 MP: 29/29
 56834 | Depths:4 | Identified the cursed -1 helmet of Filth {rC+ Slay+3} (You found it on level 4 of the Depths)
 56990 | Depths:5 | Entered Level 5 of the Depths
 56994 | Depths:5 | Gained mutation: Your mind is acute. (Int +2) [evolution]
 58344 | Depths:5 | Found a gate to the Realm of Zot.
 58660 | Depths:3 | Reached skill level 5 in Evocations
 59007 | Spider:1 | Entered Level 1 of the Spider Nest
 59184 | Spider:1 | Noticed Azrael
 59204 | Spider:1 | Killed Azrael
 59434 | Spider:2 | Noticed Arachne
 59509 | Spider:1 | Killed Arachne
 59568 | Spider:2 | Noticed Jorgrun
 59639 | Spider:1 | Killed Jorgrun
 61088 | Spider:4 | Entered Level 4 of the Spider Nest
 61410 | Spider:4 | Got a slimy shield
 61421 | Spider:4 | Identified the +0 shield "Lukeumir" {-Cast rPois Str+6 Slay+2} (You acquired it on level 4 of the Spider Nest)
 61750 | Spider:4 | Got a gossamer rune of Zot
 61793 | Spider:4 | Reached XP level 24. HP: 192/218 MP: 29/32
 62261 | Depths:3 | Voluntarily entered the Abyss.
 62317 | Abyss:1  | Reached skill level 1 in Dodging
 62601 | Abyss:1  | Reached skill level 23 in Maces & Flails
 62930 | Abyss:2  | Paralysed by accursed screaming for 1 turns
 63190 | Abyss:3  | Found a corrupted altar of Lugonu.
 63191 | Abyss:3  | Found a corrupted altar of Lugonu.
 63325 | Abyss:3  | Got an abyssal rune of Zot
 63425 | Depths:3 | Escaped the Abyss
 63735 | Slime:1  | Entered Level 1 of the Pits of Slime
 64078 | Slime:4  | Noticed Dissolution
 64087 | Slime:4  | Killed Dissolution
 64254 | Slime:6  | Entered Level 6 of the Pits of Slime
 64437 | Slime:6  | Found a viscous altar of Jiyva.
 64452 | Slime:6  | Noticed the Royal Jelly
 64649 | Slime:6  | Killed the Royal Jelly
 65077 | Slime:6  | Got a slimy rune of Zot
 65107 | Slime:6  | Got a bound copper ring
 65110 | Slime:6  | Identified the ring of Enuzxeab {*Drain rF+ SInv Stlth-} (You found it on level 6 of the Pits of Slime)
 65631 | Pan      | Entered Pandemonium
 65915 | Pan      | Reached skill level 5 in Dodging
 66484 | Pan      | Got an ichor-stained buckler
 66514 | Pan      | Reached XP level 25. HP: 196/227 MP: 34/34
 66531 | Pan      | Identified the +0 buckler of Liberty {Int+3 Dex+3} (You took it off a cherub in Pandemonium)
 67009 | Pan      | Got an encrusted buckler
 67012 | Pan      | Identified the +2 buckler of the Illusory Spirits {rElec Dex+2} (You took it off a cherub in Pandemonium)
 67043 | Pan      | Noticed a seraph
 67300 | Pan      | Killed a seraph
 67734 | Pan      | Found a glowing golden altar of the Shining One.
 67746 | Pan      | Got a demonic rune of Zot
 67869 | Pan      | Identified a +2 pair of boots of running (You found it in Pandemonium)
 68372 | Pan      | Found a glowing silver altar of Zin.
 68587 | Pan      | Identified the Volume of the Fifty Nights
 69424 | Pan      | Found a white marble altar of Elyvilon.
 69445 | Pan      | Reached skill level 24 in Maces & Flails
 69858 | Pan      | Gained mutation: Potions and wands are less effective at restoring your health. [a cacodemon]
 69880 | Pan      | Reached skill level 10 in Evocations
 69902 | Pan      | Found an exit through the horrors of the Abyss.
 70403 | Pan      | Entered the realm of Cerebov.
 70680 | Pan      | Got a warped cloak
 70691 | Pan      | Identified the +0 cloak "Upa Ilor" {rF++ MR+ Int+2} (You found it in Pandemonium)
 70762 | Pan      | Found an exit through the horrors of the Abyss.
 71287 | Pan      | Noticed Cerebov
 71350 | Pan      | Killed Cerebov
 71350 | Pan      | Reached XP level 26. HP: 117/238 MP: 35/35
 71682 | Pan      | Got a fiery rune of Zot
 71804 | Pan      | Got a crude pewter ring
 71806 | Pan      | Identified the ring "Ydomoece" {Ice Dex+3 Stlth+} (You found it in Pandemonium)
 71841 | Pan      | Got a crude helmet
 71844 | Pan      | Identified the +2 helmet "Xadepace" {rElec rPois Str+2 Dex+2} (You found it in Pandemonium)
 72061 | Pan      | Noticed Niyp the pandemonium lord
 72075 | Pan      | Killed Niyp the pandemonium lord
 72213 | Pan      | Found a runed door.
 72482 | Pan      | Noticed Toetapty the pandemonium lord
 72485 | Pan      | Killed Toetapty the pandemonium lord
 72536 | Pan      | Found a runed door.
 72537 | Pan      | Found a runed door.
 72537 | Pan      | Found a runed door.
 72635 | Pan      | Noticed Ukaxti Yppo the pandemonium lord
 72640 | Pan      | Killed Ukaxti Yppo the pandemonium lord
 73290 | Pan      | Learned a level 2 spell: Blink
 73303 | Pan      | Found an exit through the horrors of the Abyss.
 73744 | Pan      | Found an exit through the horrors of the Abyss.
 73797 | Pan      | Noticed Kabirun the pandemonium lord
 74060 | Pan      | Learned a level 6 spell: Deflect Missiles
 74933 | Pan      | Found an exit through the horrors of the Abyss.
 75019 | Pan      | Noticed Qitwella the pandemonium lord
 75032 | Pan      | Killed Qitwella the pandemonium lord
 75095 | Pan      | Reached skill level 10 in Dodging
 75219 | Pan      | Reached XP level 27. HP: 228/246 MP: 37/37
 75260 | Pan      | Noticed Pustrux the pandemonium lord
 75364 | Pan      | Found a runed door.
 75368 | Pan      | Found a runed door.
 75376 | Pan      | Found a runed door.
 75377 | Pan      | Noticed Seilofy the pandemonium lord
 75384 | Pan      | Killed Seilofy the pandemonium lord
 75392 | Pan      | Reached skill level 25 in Maces & Flails
 75402 | Pan      | Found a runed door.
 75597 | Pan      | Found an exit through the horrors of the Abyss.
 75602 | Pan      | Noticed Rirches the pandemonium lord
 76122 | Pan      | Entered the realm of Mnoleg.
 76257 | Pan      | Gained mutation: You occasionally shout uncontrollably at your foes. [a shining eye]
 76408 | Pan      | Gained mutation: You sometimes yell uncontrollably at your foes. [a cacodemon]
 76410 | Pan      | Gained mutation: You are frail (-10% HP). [a cacodemon]
 76432 | Pan      | Found an exit through the horrors of the Abyss.
 76490 | Pan      | Gained mutation: Scrolls take you longer to read. [a shining eye]
 76499 | Pan      | Noticed Mnoleg
 76537 | Pan      | Killed Mnoleg
 76544 | Pan      | Paralysed by a giant eyeball for 3 turns
 76566 | Pan      | Gained mutation: You often lose your temper in combat. [a neqoxec]
 76659 | Pan      | Got a glowing rune of Zot
 76868 | Pan      | Got a sparkling bronze ring
 76870 | Pan      | Identified the ring of the Lies {rC+ MP+9 Stlth+} (You found it in Pandemonium)
 77163 | Pan      | Noticed Dinior the pandemonium lord
 77349 | Pan      | Killed Dinior the pandemonium lord
 77461 | Pan      | Gained mutation: You have an uncontrollable temper. [a neqoxec]
 77633 | Pan      | Found an exit through the horrors of the Abyss.
 77721 | Pan      | Noticed Ignacio
 77729 | Pan      | Killed Ignacio
 78168 | Pan      | Noticed Wewnotidgh the pandemonium lord
 78173 | Pan      | Killed Wewnotidgh the pandemonium lord
 78368 | Pan      | Entered the realm of Gloorx Vloq.
 78724 | Pan      | Found an exit through the horrors of the Abyss.
 79583 | Pan      | Noticed Gloorx Vloq
 79605 | Pan      | HP: 1/222 [Gloorx Vloq/foul vapour (17)]
 79605 | Pan      | Slain by an Executioner

Vault maps used:
D:1:      lemuel_arrival_hallway
D:2:      cheibriados_altar_1, led_sif_pool, gammafunk_pakellas_spire_experiment
D:3:      gup_sewer_entry_glass, serial_park_tiny_pond
D:4:      lemuel_doored_altar, bloody_makhleb, kennysheep_little_box,
          minmay_temple_entry_overgrown, first_bread, serial_bayou_pond_c,
          serial_park_tiny_1, uniq_pikel
D:5:      nicolae_overflow_crystal_walls, enter_ossuary_1, uniq_edmund,
          uniq_menkaure, uniq_sigmund
D:6:      nicolae_overflow_quartered_altars, serial_shops, shop,
          minmay_fountain_box, grunt_potential
D:7:      nicolae_gozag_cash_rules_everything_around_me
D:8:      lemuel_crystal_altar, serial_shops, shop
D:9:      kennysheep_orc_monster_closet_entryway, uniq_maurice,
          uniq_prince_ribbit1, uniq_gastronok, uniq_joseph
D:10:     david_lair_generic, serial_shops, shop, hangedman_tree_tricks
D:11:     minmay_statue_hallways, uniq_urug
D:12:     nicolae_trove_entry_crossroad
D:13:     basic_altar
D:14:     david_vaults_3, hangedman_glass_teeth
D:15:     hangedman_depths_entry_try_elsewhere_first, minmay_door_square
Lair:1:   bh_autumn_forest_stairs, lemuel_fruit_tree, serial_bayou_shore_b
Lair:2:   kennysheep_abandoned_house, ldierk_geyser, serial_bayou_lagoon_a,
          minivault_11
Lair:3:   serial_bayou_ford_a, st_stairs_13, infiniplex_staircase_pool
Lair:4:   uniq_rupert
Lair:5:   minmay_swamp_entry_swarm, grunt_megastairs_3
Lair:6:   onia_ninara_swampy_vault, dummy_spider_entry, slime_altar_1
Lair:7:   minivault_24, st_stairs_5, dpeg_oklob_1, grunt_megastairs_5,
          lemuel_fruit_fields, uniq_kirke
Lair:8:   evil_forest
Swamp:1:  nicolae_swamp_trees_clearing, swamp_pool1
Swamp:2:  evilmike_swamp_ruin_rubble_1, swamp_pool5
Swamp:3:  nicolae_swamp_phyte_club, portal_ice_cave_entry_ice_beasts,
          nicolae_swamp_round_clearing, swamp_pool1, hangedman_swamp_blocks
Swamp:4:  swamp_fiery, swamp_pool3, uniq_donald
Spider:1: uniq_azrael
Spider:2: uniq_arachne, uniq_jorgrun
Spider:3: nicolae_spider_ant_collections
Spider:4: grunt_spider_rune_circles, guppyfry_spider_mini_3
Slime:3:  basic_altar
Slime:4:  nicolae_slime_jelly_donut, dissolution_awaits
Slime:5:  cheibrodos_slime_lost_civilization_7
Orc:1:    nicolae_orc_crystal_geode, uniq_josephine, uniq_erica
Orc:2:    st_orc_elflike
Elf:1:    minmay_elf_arrival_plus, kennysheep_underground_church
Elf:2:    serial_shops, nicolae_shop_waterfront, hangedman_elf_disciples,
          uniq_agnes
Elf:3:    minmay_elf_hall_golems, serial_shops, shop_statue,
          elf_orc_summit_meeting
Vaults:1: nicolae_vaults_circle_grid_a, v_misc_12, ontoclasm_vaults_gateway,
          ontoclasm_vaults_ring_small, vaults_room_pool, v_misc_4,
          v_alt_pattern_1, vaults_mumra_hex, v_misc_14, vaults_room_pools,
          serial_shops, shop_fountains
Vaults:2: nicolae_vaults_three_branches, hangedman_vaults_hat,
          minmay_crypt_entry_skeletal_spiral, hangedman_vaults_restitches,
          v_misc_4, v_misc_15, hangedman_vaults_unwind,
          nicolae_vaults_little_squares_2, vaults_mumra_minichess,
          ontoclasm_vaults_shuriken, hangedman_vaults_corner_blocks,
          uniq_norris, uniq_asterion
Vaults:3: vaults_room_ringed_pool, vaults_room_octagon,
          grunt_vaults_hallway_long, ontoclasm_vaults_ring_square, v_misc_5,
          st_squares, ontoclasm_vaults_spin, vaults_room_pool,
          vaults_standard_mumra_x, uniq_wiglaf
Vaults:4: v_alt_pattern_2, grunt_vaults_funnel, nicolae_vaults_little_squares_2,
          nicolae_vaults_diagonal_hallway_9, nicolae_vaults_little_squares_3,
          special_room_vaults, v_misc_18, ontoclasm_vaults_bender,
          nicolae_vaults_circle_grid_a, nicolae_vaults_angled_halls,
          vaults_room_pools, nicolae_vaults_circle_grid_a,
          ontoclasm_vaults_loading_screen, nicolae_vaults_asterisk, v_pattern_2,
          v_alt_pattern_6
Vaults:5: serial_shops, uniq_mennas
Depths:1: hell_entry, nemelex_deck, serial_bayou_shore_a, grunt_megastairs_4,
          uniq_nikola
Depths:2: kennysheep_water_balloons, grunt_decor_cap, hell_entry,
          minmay_staircase_statues, grunt_megastairs_2
Depths:3: kennysheep_demon_jail, grunt_hell_entry_dis_grunt,
          hangedman_abyss_or_decor_stagger, pan_entry,
          hangedman_abyss_entry_splay
Depths:4: hangedman_crystal_crosses_colossus, abyss_entry, hell_entry,
          uniq_frederick, uniq_saint_roka
Depths:5: grunt_twist_and_shout, kennysheep_pointless_box,
          rand_demon_pan_entry_9, pf_vacation_house_of_asmodeus,
          minmay_misc_feat_tiny
Abyss:2:  onia_ninara_dug_in_and_dangerous
Abyss:3:  evilmike_abyss_rune_siren, evilmike_abyss_exit_5
Pan:      evilmike_holy_pan, rand_demon_7, nicolae_pan_gloorx_vloqian_1,
          pan_surprise, evilmike_mini_pan_layers, pan_blood_fountain,
          pan_blood_fountain_small, evilmike_mini_pan_doors_b,
          pan_blood_fountain_small, rand_demon_5, cerebov,
          pan_blood_fountain_small, evilmike_mini_pan_pillars_b,
          evilmike_mini_pan_T, rand_demon_7, nicolae_pan_sigil_uleosi,
          nicolae_pan_cerebovesque_4, grunt_pan_sceptre,
          nicolae_pan_strange_glyphs, rand_demon_1, nicolae_pan_door_chamber,
          evilmike_mini_pan_possible_glass, pan_blood_fountain_2,
          nicolae_pan_hourglass, rand_demon_7, nicolae_pan_gloorx_vloqian_1,
          reaverb_pan_squares, rand_demon_3, evilmike_mini_pan_diamond,
          evilmike_mnoleg_eyes, grunt_pan_spiral, nicolae_pan_sigil_nadil,
          pan_disco_hall, nicolae_pan_giant_door, evilmike_mini_pan_doors,
          nicolae_pan_double_arrow, uniq_ignacio, nicolae_pan_strange_glyphs,
          grunt_pan_zigzag, evilmike_mini_pan_corridor, gloorx_vloq_st
Sewer:    sewer_minmay_treatment
Ossuary:  ossuary_tomb_2
IceCv:    ice_cave_caverns_02

Skill      XL: |  1  2  3  4  5  6  7  8  9 10 11 12 13 14 15 16 17 18 19 20 21 22 23 24 25 26 27 |
---------------+----------------------------------------------------------------------------------+-----
Maces & Flails | 2 3 4 5 6 8 9 11 12 13 15 16 17 18 19 20 21 22 23 24 25 | 25.7
Armour         | 4 6 7 8 9 10 11 12 13 14 15 16 17 18 19 20 | 20.6
Fighting       | 4 6 7 8 9 10 12 13 14 15 16 17 18 19 20 | 20.7
Shields        | 4 6 7 8 9 10 12 14 15 16 17 18 19 20 21 22 23 | 23.4
Evocations     | 2 6 8 10 11 13 | 13.2
Dodging        | 5 8 10 11 | 11.8

Action                   |  1- 3 |  4- 6 |  7- 9 | 10-12 | 13-15 | 16-18 | 19-21 | 22-24 | 25-27 || total
-------------------------+-------+-------+-------+-------+-------+-------+-------+-------+-------++-------
Melee: Flail             |   109 |    52 |       |       |       |       |       |       |       ||   161
       Whip              |       |   211 |   368 |       |       |       |       |       |       ||   579
       Morningstar       |       |       |   142 |   897 |   819 |       |       |       |       ||  1858
       Demon whip        |       |       |       |       |  1130 |  2827 |  2345 |  2912 |   666 ||  9880
       Headbutt          |       |       |       |       |       |       |       |  1111 |   864 ||  1975
       Sacred scourge    |       |       |       |       |       |       |       |       |  1830 ||  1830
Throw: Javelin           |       |       |       |     2 |    15 |       |     5 |       |       ||    22
Evoke: Club              |       |       |       |     5 |     6 |     2 |     9 |     2 |     6 ||    30
       Hammer            |       |       |       |       |       |       |     1 |     1 |     1 ||     3
       Phantom mirror    |       |       |       |       |       |       |       |       |     1 ||     1
  Use: Potion            |       |       |     1 |     4 |     3 |     3 |    11 |     8 |     8 ||    38
       Scroll            |       |       |     7 |    11 |    21 |    14 |    14 |    24 |    23 ||   114
 Stab: Distracted        |       |       |       |     1 |       |       |       |       |     4 ||     5
       Paralysed         |       |       |       |       |     3 |       |       |       |       ||     3
       Petrifying        |       |       |       |       |     1 |       |       |       |       ||     1
       Confused          |       |       |       |       |       |     1 |       |       |       ||     1
  Eat: Chunk             |     2 |     8 |    13 |    23 |    55 |    85 |    54 |    47 |    12 ||   299
       Pizza             |       |       |       |     3 |     1 |     1 |     3 |     1 |     2 ||    11
       Beef jerky        |       |       |       |       |     4 |     5 |     6 |     3 |       ||    18
       Royal jelly       |       |       |       |       |       |     5 |       |       |     1 ||     6
       Fruit             |       |       |       |       |       |     1 |     8 |    25 |    17 ||    51
       Bread ration      |       |       |       |       |       |       |       |       |    11 ||    11
Armor: Scale mail        |    59 |    68 |       |       |       |       |       |       |       ||   127
       Plate armour      |       |    15 |   195 |   321 |   265 |    84 |   281 |       |       ||  1161
       Chain mail        |       |     8 |       |       |       |       |       |       |       ||     8
       Crystal plate arm |       |       |       |       |   353 |   305 |    71 |    71 |       ||   800
       Swamp dragon armo |       |       |       |       |    20 |   245 |       |       |       ||   265
       Fire dragon armou |       |       |       |       |       |       |   160 |       |       ||   160
       Gold dragon armou |       |       |       |       |       |       |       |   967 |   741 ||  1708
Dodge: Dodged            |    38 |    47 |    44 |   121 |   224 |   272 |   156 |   330 |   493 ||  1725
Block: Shield            |    54 |   102 |   168 |   419 |   763 |     5 |    31 |   824 |  1705 ||  4071
       Large shield      |       |       |       |       |       |  1796 |  1397 |  1363 |       ||  4556
       Other             |       |       |       |       |       |       |       |       |     1 ||     1
